 Dungeon Crawl Stone Soup version 0.24.0-125-gc4c63601f3 (webtiles) character file.

Game seed: 2329977455548649381, levelgen mode: deterministic

619 kathalu the Covered (level 7, -2/61 HPs)
             Began as a Minotaur Abyssal Knight on Mar 11, 2020.
             Was a Priest of Lugonu.
             Slain by a gnoll sergeant
             ... wielding a +0 spear
              (5 damage)
             ... on level 5 of the Dungeon.
             The game lasted 01:57:14 (6926 turns).

kathalu the Covered (Minotaur Abyssal Knight)       Turns: 6926, Time: 01:57:14

Health: -2/61      AC: 11    Str: 18    XL:     7   Next: 21%
Magic:  15/16      EV:  7    Int:  9    God:    Lugonu [***...]
Gold:   303        SH:  3    Dex: 12    Spells: 6/6 levels left

rFire    . . .     SeeInvis .   a - +1 hand axe
rCold    . . .     Gourm    .   (no shield)
rNeg     . . .     Faith    .   r - +0 chain mail
rPois    .         Spirit   .   (helmet restricted)
rElec    .         Reflect  +   (no cloak)
rCorr    .         Harm     .   o - +0 pair of gloves
MR       .....                  (no boots)
Stlth    ..........             y - +3 amulet of reflection
HPRegen  0.20/turn              l - ring of magical power
MPRegen  0.15/turn              z - +2 ring of dexterity

@: no status effects
A: retaliatory headbutt, horns 2
a: Depart the Abyss, Bend Space, Banish, Renounce Religion


You were on level 5 of the Dungeon.
You worshipped Lugonu.
Lugonu was most pleased with you.
You were not hungry.

You visited 1 branch of the dungeon, and saw 5 of its levels.
You visited the Abyss 1 time.

You collected 303 gold pieces.

Inventory:

Hand Weapons
 a - a +1 hand axe (weapon)
 b - a +0 hunting sling
 m - a +0 mace
 t - a cursed +0 trident
 x - a +0 morningstar
Missiles
 h - 49 sling bullets
 i - 99 stones (quivered)
 j - 13 bolts
Armour
 e - a +0 ring mail
 o - a +0 pair of gloves (worn)
 r - a +0 chain mail (worn)
Jewellery
 g - an uncursed amulet of the acrobat
 l - a ring of magical power (left hand)
 q - an uncursed amulet of the gourmand {unknown}
 y - a +3 amulet of reflection (around neck)
 z - a +2 ring of dexterity (right hand)
Scrolls
 d - 3 scrolls of identify
 f - 2 scrolls of blinking {unknown}
 k - a scroll of enchant weapon {unknown}
 n - 3 scrolls of remove curse {unknown}
 s - 2 scrolls of random uselessness {unknown}
 u - a scroll of noise {unknown}
 v - a scroll of enchant armour {unknown}
 w - a scroll of amnesia {unknown}
Potions
 p - a potion of brilliance
Comestibles
 c - 7 rations


   Skills:
 * Level 5.4 Fighting
 * Level 5.8 Axes
 + Level 2.5(2.8) Slings
 - Level 1.4(2.1) Throwing
 * Level 5.8 Armour
 - Level 1.1 Dodging
 - Level 1.7 Invocations


You had 6 spell levels left.
You didn't know any spells.
Your spell library was empty.

Dungeon Overview and Level Annotations

Branches:
Dungeon (5/15)
 Temple: D:4-7

Altars:
Hepliaklqana
Wu Jian
Xom
Beogh

Annotations:
D:2 1 exclusion, Sigmund
D:3 exclusion: downstairs


Innate Abilities, Weirdness & Mutations

You reflexively headbutt those who attack you in melee.
You have a pair of horns on your head.


Message History

The gnoll closely misses you.
Okay, then.
Space bends around you!
You blink.
The gnoll throws a throwing net.
The throwing net barely misses you.
Unknown command.
An orc wizard comes into view. It is wielding a +0 dagger.
The gnoll sergeant hits you but does no damage.
The gnoll drinks a potion.
The gnoll goes berserk!
The gnoll hits you with a +0 spear.
* * * LOW HITPOINT WARNING * * *
You slash the leopard gecko!
You kill the leopard gecko!
Lugonu accepts your kill.
You closely miss the gnoll.
The gnoll sergeant hits you from afar with a +0 spear.
* * * LOW HITPOINT WARNING * * *
The gnoll closely misses you.
You hear a shout!
The gnoll sergeant hits you with a +0 spear.
You die...

#........ #. #.#
#O....... ###.######.#
#........ #..........#
#........ #.!........#
####...?! #..........#
######(.... #..........#
#......)...
#.......[..##
#.[.o.(####
#..(.....@.<# #......#
####....gggĂ·####o.%...#
#....#......O.oo.((....#
#o.. #...(..########+###
#. ##'###.# #.. #.# ##.
#.# . ..# .##.#


You could see an ogre, a gnoll sergeant, 2 gnolls and 2 orcs.

Vanquished Creatures
  A necrophage (D:5)
  An orc priest (D:4)
  A gnoll shaman (D:4)
  3 orc wizards
  13 gnolls
  5 adders
  A shadow imp (D:5)
  3 worms
  A dart slug (D:1)
  4 leopard geckos
  13 orcs
  A ball python (D:3)
  8 bats
  4 giant cockroaches
  15 goblins
  14 hobgoblins
  11 jackals
  7 kobolds
  5 frilled lizards
  7 rats
  A fungus (D:1)
119 creatures vanquished.

Vanquished Creatures (others)
  A centaur (D:5)
  2 toadstools (D:2)
3 creatures vanquished.

Grand Total: 122 creatures vanquished

Notes
Turn   | Place    | Note
-------+----------+-------------------------------------------
     0 | Abyss:1  | kathalu the Minotaur Abyssal Knight began the quest for the
                  | Orb.
     0 | Abyss:1  | Reached XP level 1. HP: 19/19 MP: 1/1
    36 | Abyss:1  | Found a corrupted altar of Lugonu.
   218 | Abyss:1  | Noticed a large abomination
   218 | Abyss:1  | Noticed a raiju
   221 | D:1      | Escaped the Abyss
   608 | D:1      | Reached * piety under Lugonu
   608 | D:1      | Reached XP level 2. HP: 23/27 MP: 2/2
  1339 | D:1      | Reached XP level 3. HP: 33/33 MP: 3/3
  2376 | D:2      | Noticed Sigmund
  2520 | D:2      | Reached XP level 4. HP: 38/40 MP: 4/4
  2542 | D:2      | Reached skill level 1 in Throwing
  4159 | D:3      | Found a shimmering altar of Xom.
  4169 | D:3      | Reached ** piety under Lugonu
  4228 | D:3      | Reached XP level 5. HP: 47/47 MP: 5/5
  4777 | D:3      | Found an ornate altar of the Wu Jian Council.
  4777 | D:3      | Found a hazy altar of Hepliaklqana.
  5205 | D:4      | Reached skill level 1 in Slings
  5301 | D:4      | Reached skill level 5 in Axes
  5301 | D:4      | Reached XP level 6. HP: 38/53 MP: 6/6
  5983 | D:4      | Reached skill level 5 in Armour
  6404 | D:4      | Reached skill level 5 in Fighting
  6423 | D:4      | Reached *** piety under Lugonu
  6799 | D:4      | Found a roughly hewn altar of Beogh.
  6808 | D:5      | Entered Level 5 of the Dungeon
  6853 | D:5      | Reached XP level 7. HP: 13/61 MP: 7/7
  6925 | D:5      | HP: 3/61 [gnoll sergeant/+0 spear (2)]
  6926 | D:5      | Slain by a gnoll sergeant

Levels and vault maps discovered:
D:1:      dpeg_arrival_prison, layout_loops_ring, minmay_misc_feat_chi
D:2:      layout_loops_ring, first_ration, minmay_gold_behind_fungi,
          chequers_arboretum, corexii_item_surrounded_by_moat, uniq_sigmund
D:3:      layout_loops_ring, overflow_temple_1_default,
          chequers_temple_overflow_statue_of_worship, minmay_goblin_kobold_house
D:4:      layout_basic, serial_shops, kennysheep_little_box,
          ebering_ghost_sewer_d, kennysheep_orc_chapel
D:5:      layout_basic, grunt_temple_overflow_opulence, temple_statues

Skill      XL: |  1  2  3  4  5  6 |
---------------+-------------------+-----
Axes           | 3 4 5 |  5.8
Fighting       | 4 5 |  5.4
Armour         | 3 4 5 |  5.8
Throwing       | 1 |  1.4
Slings         | 1 2 |  2.5
Dodging        | |  1.1
Invocations    | |  1.7

Action                   |  1- 3 |  4- 6 |  7- 9 || total
-------------------------+-------+-------+-------++-------
Melee: Hand axe          |    79 |   181 |     5 ||   265
       Headbutt          |    11 |    32 |       ||    43
       Hunting sling     |       |     1 |       ||     1
 Fire: Hunting sling     |       |    56 |       ||    56
Throw: Stone             |    48 |    43 |       ||    91
Invok: Depart the Abyss  |     1 |       |       ||     1
       Bend Space        |       |     1 |     1 ||     2
  Use: Scroll            |       |     2 |       ||     2
       Potion            |       |     1 |       ||     1
  Eat: Chunk             |     2 |     9 |     1 ||    12
       Ration            |     1 |     1 |       ||     2
Armor: Ring mail         |    32 |    13 |       ||    45
       Chain mail        |       |   130 |    10 ||   140
Dodge: Dodged            |    56 |   108 |     7 ||   171
Block: Other             |       |    12 |     1 ||    13
       Reflection        |       |     1 |       ||     1
